AoeStats
← gg_noteam

Nomad

509716465Analyzed
4v4 RM · 5d ago on Sep 27, 2026· 52m 56s· 8 players
Game mode
Random Map
Map size
231×231
Population
200
Speed
Normal
Resources
Standard
Victory
Conquest
Starting age
Dark Age
Ending age
Imperial Age
RankedLock teamsTeams togetherTeam positionsShared explorationLock speedFull tech treeHidden civsTurbo modeCheats
Victory
Defeat
🇨🇭 Dravidians · Switzerland
1613
+11
🇫🇷 Vietnamese · France
1540
+14
🇨🇿 Malay · Czechia
1514
+15
🇵🇪 Persians · Peru
1502
+15
🇵🇪 Danes · Peru
1528
-16
🇦🇷 Vikings · Argentina
1523
-15
🇦🇷 Vietnamese · Argentina
1465
-13
🇦🇷 Wu · Argentina
1433
-11
B.
5:03 Loom
13:04 Feudal Age
17:29 Castle Age
15:20 Double-Bit Axe
16:19 Gold Mining
16:21 Stone Mining
17:44 Wheelbarrow
20:05 Bow Saw
21:23 Fletching
21:34 Padded Archer Armor
22:27 Bodkin Arrow
24:27 Ballistics
27:24 Fishing Lines
29:20 Horse Collar
35:08 Imperial Age
36:24 Imperial Age
36:29 Murder Holes
37:09 Bracer
42:29 Chemistry
45:38 Hand Cart
45:09 Town Watch
45:46 Elite Rattan Archer
47:33 Paper Money
48:23 Chemistry
51:25 Two-Man Saw
51:25 Leather Archer Armor
52:52 Hoardings
Tschab
6:09 Loom
13:10 Feudal Age
17:12 Castle Age
15:52 Double-Bit Axe
16:51 Fletching
18:26 Elite Skirmisher
21:28 Man-at-Arms
25:31 Fishing Lines
32:01 Bow Saw
34:48 Gillnets
42:43 Wheelbarrow
43:18 Gold Mining
47:14 Imperial Age
45:03 Hand Cart
46:10 Masonry
45:51 Horse Collar
46:44 Stone Mining
46:56 Heavy Plow
48:31 Bodkin Arrow
48:36 Padded Archer Armor
49:38 Chemistry
48:58 Ballistics
48:18 Elite Elephant Archer
51:35 Bracer
53:34 Leather Archer Armor
paran
5:34 Loom
11:57 Feudal Age
16:29 Fishing Lines
19:09 Gold Mining
21:37 Castle Age
21:47 Medium Warships
22:04 Town Watch
26:24 Wheelbarrow
31:22 Fletching
32:48 Gillnets
34:51 Ballistics
35:37 Double-Bit Axe
36:55 Hand Cart
44:50 Imperial Age
43:42 Bodkin Arrow
43:47 Padded Archer Armor
44:01 Masonry
43:52 Stone Mining
44:45 Conscription
45:35 Chemistry
45:57 Bracer
45:45 Elite Skirmisher
46:36 Guard Tower
46:39 Imperial Skirmisher
47:51 Thumb Ring
48:05 Leather Archer Armor
48:09 Bow Saw
48:21 Siege Engineers
51:01 Thalassocracy
3Dominik
4:32 Loom
13:11 Feudal Age
15:33 Double-Bit Axe
18:15 Castle Age
17:31 Gold Mining
19:11 Medium Warships
20:17 Fishing Lines
21:35 Bow Saw
23:59 Wheelbarrow
23:09 Town Watch
24:36 Gillnets
27:07 Light Cavalry
27:49 Husbandry
29:28 Gold Shaft Mining
28:35 Horse Collar
30:30 Scale Barding Armor
31:54 Hand Cart
32:25 Chain Barding Armor
32:15 Forging
32:43 Stone Mining
33:58 Bloodlines
38:18 Imperial Age
36:29 Iron Casting
35:45 Fletching
36:47 Stone Shaft Mining
38:03 Cavalier
40:21 Plate Barding Armor
41:21 Ballistics
42:01 Chemistry
42:04 Blast Furnace
40:59 Bodkin Arrow
44:00 Savar
53:20 Conscription
53:14 Citadels
53:40 Hoardings
gg_noteam
3:03 Loom
13:53 Feudal Age
14:56 Town Watch
17:48 Castle Age
16:59 Fishing Lines
17:27 Double-Bit Axe
17:37 Gold Mining
23:39 Forging
27:31 Horse Collar
28:03 Bow Saw
28:00 Scale Mail Armor
29:37 Iron Casting
33:19 Wheelbarrow
35:19 Chain Mail Armor
42:18 Pikeman
42:44 Gambesons
43:02 Squires
42:50 Arson
46:09 Hand Cart
49:58 Imperial Age
49:22 Gold Shaft Mining
48:38 Stone Mining
48:58 Heavy Plow
48:54 Fletching
49:06 Hamask
51:12 Conscription
Speaker
2:59 Loom
12:35 Feudal Age
16:52 Castle Age
15:32 Scale Mail Armor
15:44 Forging
17:00 Arson
22:18 Squires
26:00 Horse Collar
27:57 Wheelbarrow
27:45 Double-Bit Axe
30:15 Chain Mail Armor
34:22 Heavy Plow
39:37 Iron Casting
38:56 Gold Mining
39:25 Hand Cart
42:43 Fletching
45:54 Pikeman
49:43 Imperial Age
Leandro Pared10s
3:36 Loom
12:01 Feudal Age
14:30 Fletching
19:34 Castle Age
21:36 Bodkin Arrow
22:10 Town Watch
22:12 Double-Bit Axe
24:08 Bow Saw
26:36 Horse Collar
32:46 Heavy Plow
32:40 Gold Mining
39:06 Imperial Age
36:18 Crossbowman
37:09 Padded Archer Armor
38:18 Leather Archer Armor
39:19 Ballistics
38:52 Stone Mining
39:38 Gold Shaft Mining
40:28 Scale Mail Armor
40:38 Forging
40:29 Bracer
40:59 Ring Archer Armor
41:31 Chemistry
40:13 Pikeman
40:54 Squires
40:36 Arbalester
42:42 Two-Man Saw
43:04 Conscription
43:06 Chain Mail Armor
43:27 Iron Casting
43:04 Masonry
43:43 Murder Holes
44:18 Architecture
44:32 Crop Rotation
44:23 Arson
45:32 Plate Mail Armor
44:44 Treadmill Crane
47:00 Blast Furnace
47:04 Coinage
49:19 Siege Engineers
The Gogs
4:40 Loom
13:06 Feudal Age
17:09 Castle Age
16:58 Double-Bit Axe
17:04 Fletching
42:11 Padded Archer Armor
46:30 Bodkin Arrow
47:44 Leather Archer Armor
Connection lost

Rejoining the realm…

Still unreachable

The connection could not be restored.

Session expired

The server has moved on; the page needs a fresh start.